 Dungeon Sprint DCSS version 0.27-a0-394-g49c82dfaf2 (webtiles) character file.

Game seed: 12283573429158569199

13700000 hittemvvvvvhard the Axe Maniac (level 27, -11/249 HPs)
             Began as a Formicid Fighter on Feb 20, 2021.
             Was the Champion of Makhleb.
             Killed from afar by a scourge (82 damage)
             ... with a poison arrow
             ... in the Dungeon (Sprint VIII: "Arena of Blood").
             The game lasted 00:03:18 (137 turns).

hittemvvvvvhard the Axe Maniac (Formicid Fighter)    Turns: 137, Time: 00:03:18

Health: -11/249    AC: 13    Str: 22    XL:     27
Magic:  45/54      EV: 32    Int: 11    God:    Makhleb [******]
Gold:   0          SH: 19    Dex: 19    Spells: 80/80 levels left

rFire    . . .     SeeInvis +   h - +∞ Axe of Woe
rCold    . . .     Faith    .   c - +0 kite shield
rNeg     . . .     Spirit   .   b - +0 scale mail
rPois    .         Reflect  .   (helmet unavailable)
rElec    .         Harm     .   (no cloak)
rCorr    .         Rampage  .   (no gloves)
Will     ++...                  (no boots)
Stlth    ++++++++..             (no amulet)
HPRegen  0.51/turn              (no ring)
MPRegen  0.34/turn              (no ring)

@: lethally poisoned (-11 -> -158)
A: permanent stasis, dig shafts and tunnels, four strong arms, antennae 3
a: Dig, Renounce Religion, Minor Destruction, Lesser Servant of Makhleb, Major
Destruction, Greater Servant of Makhleb


You were in the Dungeon.
You worshipped Makhleb.
Makhleb was exalted by your worship.
You visited 1 branch

Inventory:

Hand Weapons
 a - a +0 war axe
 h - the +∞ Axe of Woe (weapon)
   (You found it in the Dungeon)
Armour
 b - a +0 scale mail (worn)
 c - a +0 kite shield (worn)
Potions
 d - a potion of might
 e - a potion of curing
 f - a potion of heal wounds
 g - 2 potions of magic


   Skills:
 O Level 27 Fighting
 O Level 27 Short Blades
 O Level 27 Long Blades
 O Level 27 Axes
 O Level 27 Maces & Flails
 O Level 27 Polearms
 O Level 27 Staves
 O Level 27 Slings
 O Level 27 Bows
 O Level 27 Crossbows
 O Level 27 Throwing
 O Level 27 Armour
 O Level 27 Dodging
 O Level 27 Stealth
 O Level 27 Shields
 O Level 27 Unarmed Combat
 O Level 27 Spellcasting
 O Level 27 Conjurations
 O Level 27 Hexes
 O Level 27 Summonings
 O Level 27 Necromancy
 O Level 27 Translocations
 O Level 27 Transmutations
 O Level 27 Fire Magic
 O Level 27 Ice Magic
 O Level 27 Air Magic
 O Level 27 Earth Magic
 O Level 27 Poison Magic
 O Level 27 Invocations
 O Level 27 Evocations


You had 80 spell levels left.
You didn't know any spells.
Your spell library was empty.

Dungeon Overview and Level Annotations

Branches:
Dungeon (1/1)

Altars:
Makhleb


Innate Abilities, Weirdness & Mutations

You cannot be hasted, slowed, berserked, paralysed or teleported.
You can dig through walls and to a lower floor.
Your four strong arms can wield two-handed weapons with a shield.
You have a pair of large antennae on your head. (SInv)


Message History

You are engulfed in poison gas.
You are more poisoned.
You feel very sick. The scourge throws poison at you.
The bolt of poison hits you!!
You are more poisoned.
The scourge breathes poison at you. The blast of poison misses you.
You hear a shout!
A scourge comes into view.
The scourge throws poison sting at you. The poison arrow hits you!!!!
You are more poisoned.
* * * LOW HITPOINT WARNING * * *
The scourge is engulfed in poison gas.
The scourge is poisoned.
The scourge breathes poison at you. The blast of poison engulfs you!
You are more poisoned.
* * * LOW HITPOINT WARNING * * *
A fleshlord comes into view. It is wielding a +9 great mace.
The meat berserker moves out of view.
You hear a shout!
Items here: )))))))))))))))))))))) ====================== ††††††.
You take 135 damage, and have 87/249 hp.
GAME OVER YEAH!!
Unknown command.
A great orb of eyes, a vampire knight, a phantom and a wraith come into view.
The destroyer is wielding a +9 vorpal great sword.
You are engulfed in poison gas.
You are more poisoned.
* * * LOW HITPOINT WARNING * * *
x2 You feel extremely sick.
You hear a shout! x3
The wretched soul breathes negative energy at you.
The bolt of negative energy misses you.
You hear a shout!
The scourge is engulfed in poison gas.
The scourge looks even sicker.
The scourge throws poison sting at you. The poison arrow hits you!!!!
You are more poisoned.
You die...

..... ... { #...
..#{ . #... ..# .
SS###§.. §..###..
{...§§###......
....§☼☼☼)...... .
#°☼☼☼)#o ...
#☼§○)_#
.....#@○○W§#.o.
#.....zS°☼○Goo...
V......☼###SS....
...###...
{..###.. .. #.p.
..# o #.... ..#


WGW.. ... ......W .. ....

Skill      XL: |  1  2  3  4  5  6  7  8  9 10 11 12 13 14 15 16 17 18 19 20 21 22 23 24 25 26 27 |
---------------+----------------------------------------------------------------------------------+-----
Axes           | 25 27 | 27.0
Fighting       | 18 20 24 27 | 27.0
Dodging        | 15 17 21 24 27 | 27.0
Shields        | 19 21 26 27 | 27.0
Armour         | 15 19 27 | 27.0
Stealth        | 17 21 27 | 27.0
Invocations    | 16 20 27 | 27.0
Short Blades   | 5 9 12 13 15 17 27 | 27.0
Long Blades    | 5 9 12 13 15 17 27 | 27.0
Maces & Flails | 5 9 12 13 15 17 27 | 27.0
Polearms       | 5 9 12 13 15 17 27 | 27.0
Staves         | 5 9 12 13 15 17 27 | 27.0
Slings         | 6 10 14 17 18 27 | 27.0
Bows           | 4 8 11 13 14 27 | 27.0
Crossbows      | 5 9 12 13 15 17 27 | 27.0
Throwing       | 6 9 12 13 15 17 27 | 27.0
Unarmed Combat | 5 9 12 13 15 17 27 | 27.0
Spellcasting   | 5 9 12 13 15 17 27 | 27.0
Conjurations   | 5 9 11 12 14 16 27 | 27.0
Hexes          | 7 11 14 15 18 20 27 | 27.0
Summonings     | 5 9 12 13 15 17 27 | 27.0
Necromancy     | 6 9 12 13 15 17 27 | 27.0
Translocations | 5 8 11 12 14 16 27 | 27.0
Transmutations | 6 10 14 17 18 27 | 27.0
Fire Magic     | 5 9 13 15 17 27 | 27.0
Ice Magic      | 5 9 12 13 15 17 27 | 27.0
Air Magic      | 4 8 11 13 15 27 | 27.0
Earth Magic    | 7 11 15 18 20 27 | 27.0
Poison Magic   | 7 12 16 17 19 21 27 | 27.0
Evocations     | 6 10 13 14 17 18 27 | 27.0

Notes
Turn   | Place    | Note
-------+----------+-------------------------------------------
     0 | D        | Found the +∞ Axe of Woe
     0 | D        | hittemvvvvvhard the Formicid Fighter began the quest for
                  | the Orb.
     0 | D        | Reached XP level 1. HP: 18/18 MP: 1/1
     3 | D        | Became a worshipper of Makhleb the Destroyer
     4 | D        | Noticed a bag of meat
     5 | D        | Noticed a bag of meat
     6 | D        | Noticed a meat berserker
     8 | D        | Noticed a meat berserker
     9 | D        | Killed a bag of meat
    10 | D        | Reached skill level 25 in Axes
    10 | D        | Reached XP level 2. HP: 24/24 MP: 2/2
    10 | D        | Reached XP level 3. HP: 29/29 MP: 3/3
    10 | D        | Reached XP level 4. HP: 35/35 MP: 4/4
    10 | D        | Reached XP level 5. HP: 41/41 MP: 5/5
    10 | D        | Reached XP level 6. HP: 47/47 MP: 6/6
    10 | D        | Reached XP level 7. HP: 52/52 MP: 7/7
    10 | D        | Reached XP level 8. HP: 58/58 MP: 8/8
    10 | D        | Reached XP level 9. HP: 64/64 MP: 9/9
    10 | D        | Reached XP level 10. HP: 70/70 MP: 10/10
    10 | D        | Reached XP level 11. HP: 75/75 MP: 11/11
    10 | D        | Reached XP level 12. HP: 81/81 MP: 12/12
    10 | D        | Noticed a bag of meat
    12 | D        | Killed a meat berserker
    12 | D        | Reached * piety under Makhleb
    12 | D        | Killed a meat berserker
    12 | D        | Noticed a bag of meat
    12 | D        | Noticed a bag of meat
    13 | D        | Reached skill level 27 in Axes
    13 | D        | Reached skill level 18 in Fighting
    13 | D        | Reached skill level 15 in Dodging
    13 | D        | Reached skill level 19 in Shields
    13 | D        | Reached XP level 13. HP: 95/124 MP: 13/13
    13 | D        | Reached XP level 14. HP: 101/131 MP: 14/14
    13 | D        | Reached XP level 15. HP: 105/137 MP: 15/15
    14 | D        | Noticed a large bag of meat
    15 | D        | Reached skill level 20 in Fighting
    15 | D        | Reached skill level 17 in Dodging
    15 | D        | Reached skill level 21 in Shields
    15 | D        | Reached XP level 16. HP: 114/148 MP: 16/16
    15 | D        | Noticed a meat berserker
    16 | D        | Reached ** piety under Makhleb
    17 | D        | Reached skill level 21 in Fighting
    17 | D        | Reached skill level 18 in Dodging
    17 | D        | Reached skill level 23 in Shields
    19 | D        | Reached skill level 22 in Fighting
    19 | D        | Reached skill level 19 in Dodging
    19 | D        | Reached skill level 24 in Shields
    19 | D        | Noticed a meat berserker
    20 | D        | Reached *** piety under Makhleb
    20 | D        | Noticed a meat berserker
    21 | D        | Reached skill level 24 in Fighting
    21 | D        | Reached skill level 21 in Dodging
    21 | D        | Reached skill level 26 in Shields
    21 | D        | Reached XP level 17. HP: 168/168 MP: 17/17
    21 | D        | Killed a meat berserker
    21 | D        | Noticed a meat berserker
    22 | D        | Reached skill level 27 in Fighting
    22 | D        | Reached skill level 24 in Dodging
    22 | D        | Reached skill level 27 in Shields
    22 | D        | Reached XP level 18. HP: 182/182 MP: 18/18
    22 | D        | Noticed a destroyer
    23 | D        | Killed a meat berserker
    23 | D        | Killed a large bag of meat
    24 | D        | Reached skill level 27 in Dodging
    24 | D        | Reached skill level 15 in Armour
    24 | D        | Reached skill level 17 in Stealth
    24 | D        | Reached skill level 16 in Invocations
    24 | D        | Reached XP level 19. HP: 160/189 MP: 18/31
    24 | D        | Killed a meat berserker
    24 | D        | Reached **** piety under Makhleb
    25 | D        | Reached skill level 19 in Armour
    25 | D        | Reached skill level 21 in Stealth
    25 | D        | Reached skill level 20 in Invocations
    25 | D        | Reached XP level 20. HP: 165/197 MP: 18/34
    25 | D        | Noticed a meat berserker
    25 | D        | Noticed a meat berserker
    27 | D        | Killed a meat berserker
    28 | D        | Reached skill level 22 in Armour
    28 | D        | Reached skill level 25 in Stealth
    28 | D        | Reached skill level 23 in Invocations
    28 | D        | Noticed a meat berserker
    28 | D        | Noticed an eight-headed meat hydra
    29 | D        | Reached skill level 23 in Armour
    29 | D        | Reached skill level 26 in Stealth
    29 | D        | Reached skill level 24 in Invocations
    29 | D        | Noticed The Servant
    29 | D        | Killed a meat berserker
    29 | D        | Reached ***** piety under Makhleb
    29 | D        | Killed The Servant
    30 | D        | Reached skill level 27 in Armour
    30 | D        | Reached skill level 27 in Stealth
    30 | D        | Reached skill level 27 in Invocations
    30 | D        | Reached skill level 5 in Short Blades
    30 | D        | Reached skill level 5 in Long Blades
    30 | D        | Reached skill level 5 in Maces & Flails
    30 | D        | Reached skill level 5 in Polearms
    30 | D        | Reached skill level 5 in Staves
    30 | D        | Reached skill level 6 in Slings
    30 | D        | Reached skill level 4 in Bows
    30 | D        | Reached skill level 5 in Crossbows
    30 | D        | Reached skill level 6 in Throwing
    30 | D        | Reached skill level 5 in Unarmed Combat
    30 | D        | Reached skill level 5 in Spellcasting
    30 | D        | Reached skill level 5 in Conjurations
    30 | D        | Reached skill level 7 in Hexes
    30 | D        | Reached skill level 5 in Summonings
    30 | D        | Reached skill level 6 in Necromancy
    30 | D        | Reached skill level 5 in Translocations
    30 | D        | Reached skill level 6 in Transmutations
    30 | D        | Reached skill level 5 in Fire Magic
    30 | D        | Reached skill level 5 in Ice Magic
    30 | D        | Reached skill level 4 in Air Magic
    30 | D        | Reached skill level 7 in Earth Magic
    30 | D        | Reached skill level 7 in Poison Magic
    30 | D        | Reached skill level 6 in Evocations
    30 | D        | Reached XP level 21. HP: 204/204 MP: 19/38
    30 | D        | Reached XP level 22. HP: 212/212 MP: 19/39
    31 | D        | Killed a meat berserker
    31 | D        | Killed an eight-headed meat hydra
    32 | D        | Reached skill level 8 in Short Blades
    32 | D        | Reached skill level 8 in Long Blades
    32 | D        | Reached skill level 8 in Maces & Flails
    32 | D        | Reached skill level 8 in Polearms
    32 | D        | Reached skill level 8 in Staves
    32 | D        | Reached skill level 9 in Slings
    32 | D        | Reached skill level 7 in Bows
    32 | D        | Reached skill level 8 in Crossbows
    32 | D        | Reached skill level 8 in Throwing
    32 | D        | Reached skill level 8 in Unarmed Combat
    32 | D        | Reached skill level 8 in Spellcasting
    32 | D        | Reached skill level 7 in Conjurations
    32 | D        | Reached skill level 10 in Hexes
    32 | D        | Reached skill level 8 in Summonings
    32 | D        | Reached skill level 8 in Necromancy
    32 | D        | Reached skill level 7 in Translocations
    32 | D        | Reached skill level 9 in Transmutations
    32 | D        | Reached skill level 8 in Fire Magic
    32 | D        | Reached skill level 8 in Ice Magic
    32 | D        | Reached skill level 7 in Air Magic
    32 | D        | Reached skill level 10 in Earth Magic
    32 | D        | Reached skill level 11 in Poison Magic
    32 | D        | Reached skill level 9 in Evocations
    33 | D        | Noticed a meat berserker
    34 | D        | Killed a meat berserker
    35 | D        | Reached skill level 9 in Short Blades
    35 | D        | Reached skill level 9 in Long Blades
    35 | D        | Reached skill level 9 in Maces & Flails
    35 | D        | Reached skill level 9 in Polearms
    35 | D        | Reached skill level 9 in Staves
    35 | D        | Reached skill level 10 in Slings
    35 | D        | Reached skill level 8 in Bows
    35 | D        | Reached skill level 9 in Crossbows
    35 | D        | Reached skill level 9 in Throwing
    35 | D        | Reached skill level 9 in Unarmed Combat
    35 | D        | Reached skill level 9 in Spellcasting
    35 | D        | Reached skill level 9 in Conjurations
    35 | D        | Reached skill level 11 in Hexes
    35 | D        | Reached skill level 9 in Summonings
    35 | D        | Reached skill level 9 in Necromancy
    35 | D        | Reached skill level 8 in Translocations
    35 | D        | Reached skill level 10 in Transmutations
    35 | D        | Reached skill level 9 in Fire Magic
    35 | D        | Reached skill level 9 in Ice Magic
    35 | D        | Reached skill level 8 in Air Magic
    35 | D        | Reached skill level 11 in Earth Magic
    35 | D        | Reached skill level 12 in Poison Magic
    35 | D        | Reached skill level 10 in Evocations
    35 | D        | Reached XP level 23. HP: 219/219 MP: 20/40
    35 | D        | Noticed a destroyer
    37 | D        | Killed a destroyer
    38 | D        | Reached skill level 11 in Short Blades
    38 | D        | Reached skill level 11 in Long Blades
    38 | D        | Reached skill level 11 in Maces & Flails
    38 | D        | Reached skill level 11 in Polearms
    38 | D        | Reached skill level 11 in Staves
    38 | D        | Reached skill level 12 in Slings
    38 | D        | Reached skill level 9 in Bows
    38 | D        | Reached skill level 11 in Crossbows
    38 | D        | Reached skill level 11 in Throwing
    38 | D        | Reached skill level 11 in Unarmed Combat
    38 | D        | Reached skill level 11 in Spellcasting
    38 | D        | Reached skill level 10 in Conjurations
    38 | D        | Reached skill level 13 in Hexes
    38 | D        | Reached skill level 11 in Summonings
    38 | D        | Reached skill level 11 in Necromancy
    38 | D        | Reached skill level 10 in Translocations
    38 | D        | Reached skill level 12 in Transmutations
    38 | D        | Reached skill level 11 in Fire Magic
    38 | D        | Reached skill level 11 in Ice Magic
    38 | D        | Reached skill level 9 in Air Magic
    38 | D        | Reached skill level 13 in Earth Magic
    38 | D        | Reached skill level 14 in Poison Magic
    38 | D        | Reached skill level 12 in Evocations
    39 | D        | Killed a destroyer
    39 | D        | Reached ****** piety under Makhleb
    40 | D        | Reached skill level 12 in Short Blades
    40 | D        | Reached skill level 12 in Long Blades
    40 | D        | Reached skill level 12 in Maces & Flails
    40 | D        | Reached skill level 12 in Polearms
    40 | D        | Reached skill level 12 in Staves
    40 | D        | Reached skill level 14 in Slings
    40 | D        | Reached skill level 11 in Bows
    40 | D        | Reached skill level 12 in Crossbows
    40 | D        | Reached skill level 12 in Throwing
    40 | D        | Reached skill level 12 in Unarmed Combat
    40 | D        | Reached skill level 12 in Spellcasting
    40 | D        | Reached skill level 11 in Conjurations
    40 | D        | Reached skill level 14 in Hexes
    40 | D        | Reached skill level 12 in Summonings
    40 | D        | Reached skill level 12 in Necromancy
    40 | D        | Reached skill level 11 in Translocations
    40 | D        | Reached skill level 14 in Transmutations
    40 | D        | Reached skill level 13 in Fire Magic
    40 | D        | Reached skill level 12 in Ice Magic
    40 | D        | Reached skill level 11 in Air Magic
    40 | D        | Reached skill level 15 in Earth Magic
    40 | D        | Reached skill level 16 in Poison Magic
    40 | D        | Reached skill level 13 in Evocations
    40 | D        | Reached XP level 24. HP: 227/227 MP: 21/40
    41 | D        | Noticed a destroyer
    42 | D        | Killed a destroyer
    43 | D        | Reached skill level 13 in Short Blades
    43 | D        | Reached skill level 13 in Long Blades
    43 | D        | Reached skill level 13 in Maces & Flails
    43 | D        | Reached skill level 13 in Polearms
    43 | D        | Reached skill level 13 in Staves
    43 | D        | Reached skill level 13 in Crossbows
    43 | D        | Reached skill level 13 in Throwing
    43 | D        | Reached skill level 13 in Unarmed Combat
    43 | D        | Reached skill level 13 in Spellcasting
    43 | D        | Reached skill level 12 in Conjurations
    43 | D        | Reached skill level 15 in Hexes
    43 | D        | Reached skill level 13 in Summonings
    43 | D        | Reached skill level 13 in Necromancy
    43 | D        | Reached skill level 12 in Translocations
    43 | D        | Reached skill level 13 in Ice Magic
    43 | D        | Reached skill level 17 in Poison Magic
    43 | D        | Reached skill level 14 in Evocations
    43 | D        | Reached XP level 25. HP: 234/234 MP: 22/40
    44 | D        | Reached skill level 14 in Short Blades
    44 | D        | Reached skill level 14 in Long Blades
    44 | D        | Reached skill level 14 in Maces & Flails
    44 | D        | Reached skill level 14 in Polearms
    44 | D        | Reached skill level 14 in Staves
    44 | D        | Reached skill level 15 in Slings
    44 | D        | Reached skill level 12 in Bows
    44 | D        | Reached skill level 14 in Crossbows
    44 | D        | Reached skill level 14 in Throwing
    44 | D        | Reached skill level 14 in Unarmed Combat
    44 | D        | Reached skill level 14 in Spellcasting
    44 | D        | Reached skill level 13 in Conjurations
    44 | D        | Reached skill level 16 in Hexes
    44 | D        | Reached skill level 14 in Summonings
    44 | D        | Reached skill level 14 in Necromancy
    44 | D        | Reached skill level 13 in Translocations
    44 | D        | Reached skill level 15 in Transmutations
    44 | D        | Reached skill level 14 in Fire Magic
    44 | D        | Reached skill level 14 in Ice Magic
    44 | D        | Reached skill level 12 in Air Magic
    44 | D        | Reached skill level 16 in Earth Magic
    44 | D        | Reached skill level 15 in Evocations
    47 | D        | Reached skill level 18 in Poison Magic
    49 | D        | Reached skill level 16 in Slings
    49 | D        | Reached skill level 15 in Crossbows
    49 | D        | Reached skill level 15 in Throwing
    49 | D        | Reached skill level 15 in Unarmed Combat
    49 | D        | Reached skill level 15 in Spellcasting
    49 | D        | Reached skill level 17 in Hexes
    49 | D        | Reached skill level 15 in Summonings
    49 | D        | Reached skill level 15 in Necromancy
    49 | D        | Reached skill level 16 in Transmutations
    49 | D        | Reached skill level 15 in Fire Magic
    49 | D        | Reached skill level 15 in Ice Magic
    49 | D        | Reached skill level 13 in Air Magic
    49 | D        | Reached skill level 17 in Earth Magic
    49 | D        | Reached skill level 16 in Evocations
    50 | D        | Reached skill level 15 in Short Blades
    50 | D        | Reached skill level 15 in Long Blades
    50 | D        | Reached skill level 15 in Maces & Flails
    50 | D        | Reached skill level 15 in Polearms
    50 | D        | Reached skill level 15 in Staves
    50 | D        | Reached skill level 17 in Slings
    50 | D        | Reached skill level 13 in Bows
    50 | D        | Reached skill level 14 in Conjurations
    50 | D        | Reached skill level 18 in Hexes
    50 | D        | Reached skill level 14 in Translocations
    50 | D        | Reached skill level 17 in Transmutations
    50 | D        | Reached skill level 18 in Earth Magic
    50 | D        | Reached skill level 19 in Poison Magic
    50 | D        | Reached skill level 17 in Evocations
    50 | D        | Reached XP level 26. HP: 242/242 MP: 23/42
    51 | D        | Noticed an accursed
    53 | D        | Reached skill level 16 in Short Blades
    53 | D        | Reached skill level 16 in Long Blades
    53 | D        | Reached skill level 16 in Maces & Flails
    53 | D        | Reached skill level 16 in Polearms
    53 | D        | Reached skill level 16 in Staves
    53 | D        | Reached skill level 16 in Crossbows
    53 | D        | Reached skill level 16 in Throwing
    53 | D        | Reached skill level 16 in Unarmed Combat
    53 | D        | Reached skill level 16 in Spellcasting
    53 | D        | Reached skill level 15 in Conjurations
    53 | D        | Reached skill level 16 in Summonings
    53 | D        | Reached skill level 16 in Necromancy
    53 | D        | Reached skill level 15 in Translocations
    53 | D        | Reached skill level 16 in Fire Magic
    53 | D        | Reached skill level 16 in Ice Magic
    53 | D        | Reached skill level 14 in Air Magic
    53 | D        | Reached skill level 20 in Poison Magic
    56 | D        | Reached skill level 14 in Bows
    56 | D        | Reached skill level 19 in Hexes
    56 | D        | Reached skill level 19 in Earth Magic
    56 | D        | Killed an accursed
    57 | D        | Reached skill level 17 in Short Blades
    57 | D        | Reached skill level 17 in Long Blades
    57 | D        | Reached skill level 17 in Maces & Flails
    57 | D        | Reached skill level 17 in Polearms
    57 | D        | Reached skill level 17 in Staves
    57 | D        | Reached skill level 18 in Slings
    57 | D        | Reached skill level 17 in Crossbows
    57 | D        | Reached skill level 17 in Throwing
    57 | D        | Reached skill level 17 in Unarmed Combat
    57 | D        | Reached skill level 17 in Spellcasting
    57 | D        | Reached skill level 16 in Conjurations
    57 | D        | Reached skill level 20 in Hexes
    57 | D        | Reached skill level 17 in Summonings
    57 | D        | Reached skill level 17 in Necromancy
    57 | D        | Reached skill level 16 in Translocations
    57 | D        | Reached skill level 18 in Transmutations
    57 | D        | Reached skill level 17 in Fire Magic
    57 | D        | Reached skill level 17 in Ice Magic
    57 | D        | Reached skill level 15 in Air Magic
    57 | D        | Reached skill level 20 in Earth Magic
    57 | D        | Reached skill level 21 in Poison Magic
    57 | D        | Reached skill level 18 in Evocations
    57 | D        | Reached XP level 27. HP: 126/249 MP: 25/44
    58 | D        | Reached skill level 19 in Slings
    58 | D        | Reached skill level 15 in Bows
    58 | D        | Reached skill level 19 in Transmutations
    58 | D        | Reached skill level 22 in Poison Magic
    58 | D        | Reached skill level 19 in Evocations
    59 | D        | Reached skill level 18 in Short Blades
    59 | D        | Reached skill level 18 in Long Blades
    59 | D        | Reached skill level 18 in Maces & Flails
    59 | D        | Reached skill level 18 in Polearms
    59 | D        | Reached skill level 18 in Staves
    59 | D        | Reached skill level 18 in Crossbows
    59 | D        | Reached skill level 18 in Throwing
    59 | D        | Reached skill level 18 in Unarmed Combat
    59 | D        | Reached skill level 18 in Spellcasting
    59 | D        | Reached skill level 18 in Summonings
    59 | D        | Reached skill level 18 in Necromancy
    59 | D        | Reached skill level 18 in Fire Magic
    59 | D        | Reached skill level 18 in Ice Magic
    59 | D        | Noticed a meat beast
    59 | D        | Noticed a tyrant
    61 | D        | Reached skill level 17 in Conjurations
    61 | D        | Reached skill level 21 in Hexes
    61 | D        | Reached skill level 17 in Translocations
    61 | D        | Reached skill level 20 in Transmutations
    61 | D        | Reached skill level 16 in Air Magic
    61 | D        | Reached skill level 21 in Earth Magic
    61 | D        | Reached skill level 20 in Evocations
    62 | D        | Reached skill level 20 in Slings
    62 | D        | Reached skill level 16 in Bows
    62 | D        | Reached skill level 19 in Crossbows
    62 | D        | Reached skill level 19 in Spellcasting
    62 | D        | Reached skill level 19 in Necromancy
    62 | D        | Reached skill level 19 in Fire Magic
    62 | D        | Reached skill level 23 in Poison Magic
    62 | D        | Killed a meat beast
    62 | D        | Noticed a meat beast
    63 | D        | Reached skill level 20 in Short Blades
    63 | D        | Reached skill level 20 in Long Blades
    63 | D        | Reached skill level 20 in Maces & Flails
    63 | D        | Reached skill level 20 in Polearms
    63 | D        | Reached skill level 20 in Staves
    63 | D        | Reached skill level 21 in Slings
    63 | D        | Reached skill level 17 in Bows
    63 | D        | Reached skill level 20 in Crossbows
    63 | D        | Reached skill level 20 in Throwing
    63 | D        | Reached skill level 20 in Unarmed Combat
    63 | D        | Reached skill level 20 in Spellcasting
    63 | D        | Reached skill level 18 in Conjurations
    63 | D        | Reached skill level 23 in Hexes
    63 | D        | Reached skill level 20 in Summonings
    63 | D        | Reached skill level 20 in Necromancy
    63 | D        | Reached skill level 18 in Translocations
    63 | D        | Reached skill level 21 in Transmutations
    63 | D        | Reached skill level 20 in Fire Magic
    63 | D        | Reached skill level 20 in Ice Magic
    63 | D        | Reached skill level 17 in Air Magic
    63 | D        | Reached skill level 23 in Earth Magic
    63 | D        | Reached skill level 25 in Poison Magic
    63 | D        | Reached skill level 21 in Evocations
    64 | D        | Noticed a dread
    64 | D        | Killed a dread
    65 | D        | Reached skill level 21 in Short Blades
    65 | D        | Reached skill level 21 in Long Blades
    65 | D        | Reached skill level 21 in Maces & Flails
    65 | D        | Reached skill level 21 in Polearms
    65 | D        | Reached skill level 21 in Staves
    65 | D        | Reached skill level 22 in Slings
    65 | D        | Reached skill level 18 in Bows
    65 | D        | Reached skill level 21 in Crossbows
    65 | D        | Reached skill level 21 in Throwing
    65 | D        | Reached skill level 21 in Unarmed Combat
    65 | D        | Reached skill level 21 in Spellcasting
    65 | D        | Reached skill level 19 in Conjurations
    65 | D        | Reached skill level 24 in Hexes
    65 | D        | Reached skill level 21 in Summonings
    65 | D        | Reached skill level 21 in Necromancy
    65 | D        | Reached skill level 19 in Translocations
    65 | D        | Reached skill level 22 in Transmutations
    65 | D        | Reached skill level 21 in Fire Magic
    65 | D        | Reached skill level 21 in Ice Magic
    65 | D        | Reached skill level 18 in Air Magic
    65 | D        | Reached skill level 24 in Earth Magic
    65 | D        | Reached skill level 22 in Evocations
    66 | D        | Reached skill level 23 in Slings
    66 | D        | Reached skill level 20 in Conjurations
    66 | D        | Reached skill level 20 in Translocations
    66 | D        | Reached skill level 23 in Transmutations
    66 | D        | Reached skill level 26 in Poison Magic
    66 | D        | Reached skill level 23 in Evocations
    66 | D        | Noticed a destroyer
    67 | D        | Reached skill level 22 in Short Blades
    67 | D        | Reached skill level 22 in Long Blades
    67 | D        | Reached skill level 22 in Maces & Flails
    67 | D        | Reached skill level 22 in Polearms
    67 | D        | Reached skill level 22 in Staves
    67 | D        | Reached skill level 19 in Bows
    67 | D        | Reached skill level 22 in Crossbows
    67 | D        | Reached skill level 22 in Throwing
    67 | D        | Reached skill level 22 in Unarmed Combat
    67 | D        | Reached skill level 22 in Spellcasting
    67 | D        | Reached skill level 25 in Hexes
    67 | D        | Reached skill level 22 in Summonings
    67 | D        | Reached skill level 22 in Necromancy
    67 | D        | Reached skill level 22 in Fire Magic
    67 | D        | Reached skill level 22 in Ice Magic
    67 | D        | Reached skill level 19 in Air Magic
    67 | D        | Reached skill level 25 in Earth Magic
    67 | D        | Reached skill level 27 in Poison Magic
    67 | D        | Noticed a meat beast
    67 | D        | Noticed a large bag of meat
    68 | D        | Reached skill level 24 in Slings
    68 | D        | Reached skill level 21 in Conjurations
    68 | D        | Reached skill level 24 in Transmutations
    68 | D        | Reached skill level 24 in Evocations
    68 | D        | Noticed a large bag of meat
    69 | D        | Killed a destroyer
    69 | D        | Noticed a tyrant
    69 | D        | Noticed a destroyer
    70 | D        | Reached skill level 23 in Short Blades
    70 | D        | Reached skill level 23 in Long Blades
    70 | D        | Reached skill level 23 in Maces & Flails
    70 | D        | Reached skill level 23 in Polearms
    70 | D        | Reached skill level 23 in Staves
    70 | D        | Reached skill level 20 in Bows
    70 | D        | Reached skill level 23 in Crossbows
    70 | D        | Reached skill level 23 in Throwing
    70 | D        | Reached skill level 23 in Unarmed Combat
    70 | D        | Reached skill level 23 in Spellcasting
    70 | D        | Reached skill level 26 in Hexes
    70 | D        | Reached skill level 23 in Summonings
    70 | D        | Reached skill level 23 in Necromancy
    70 | D        | Reached skill level 21 in Translocations
    70 | D        | Reached skill level 23 in Fire Magic
    70 | D        | Reached skill level 23 in Ice Magic
    70 | D        | Reached skill level 20 in Air Magic
    70 | D        | Reached skill level 26 in Earth Magic
    70 | D        | Noticed a tyrant
    72 | D        | Reached skill level 25 in Slings
    72 | D        | Reached skill level 25 in Transmutations
    72 | D        | Reached skill level 25 in Evocations
    73 | D        | Reached skill level 24 in Short Blades
    73 | D        | Reached skill level 24 in Long Blades
    73 | D        | Reached skill level 24 in Maces & Flails
    73 | D        | Reached skill level 24 in Polearms
    73 | D        | Reached skill level 24 in Staves
    73 | D        | Reached skill level 24 in Crossbows
    73 | D        | Reached skill level 24 in Throwing
    73 | D        | Reached skill level 24 in Unarmed Combat
    73 | D        | Reached skill level 24 in Spellcasting
    73 | D        | Reached skill level 22 in Conjurations
    73 | D        | Reached skill level 27 in Hexes
    73 | D        | Reached skill level 24 in Summonings
    73 | D        | Reached skill level 24 in Necromancy
    73 | D        | Reached skill level 22 in Translocations
    73 | D        | Reached skill level 24 in Fire Magic
    73 | D        | Reached skill level 24 in Ice Magic
    73 | D        | Reached skill level 21 in Air Magic
    73 | D        | Reached skill level 27 in Earth Magic
    73 | D        | Noticed a meat beast
    73 | D        | Noticed a meat beast
    73 | D        | Noticed a large bag of meat
    73 | D        | Noticed an accursed
    74 | D        | Reached skill level 26 in Slings
    74 | D        | Reached skill level 21 in Bows
    74 | D        | Reached skill level 26 in Transmutations
    74 | D        | Reached skill level 26 in Evocations
    74 | D        | Noticed a large bag of meat
    75 | D        | Reached skill level 25 in Short Blades
    75 | D        | Reached skill level 25 in Long Blades
    75 | D        | Reached skill level 25 in Maces & Flails
    75 | D        | Reached skill level 25 in Polearms
    75 | D        | Reached skill level 25 in Staves
    75 | D        | Reached skill level 27 in Slings
    75 | D        | Reached skill level 22 in Bows
    75 | D        | Reached skill level 25 in Crossbows
    75 | D        | Reached skill level 25 in Throwing
    75 | D        | Reached skill level 25 in Unarmed Combat
    75 | D        | Reached skill level 25 in Spellcasting
    75 | D        | Reached skill level 23 in Conjurations
    75 | D        | Reached skill level 25 in Summonings
    75 | D        | Reached skill level 25 in Necromancy
    75 | D        | Reached skill level 23 in Translocations
    75 | D        | Reached skill level 27 in Transmutations
    75 | D        | Reached skill level 25 in Fire Magic
    75 | D        | Reached skill level 25 in Ice Magic
    75 | D        | Reached skill level 22 in Air Magic
    75 | D        | Reached skill level 27 in Evocations
    75 | D        | Noticed a large bag of meat
    75 | D        | Noticed a dread
    77 | D        | Killed a meat beast
    78 | D        | Reached skill level 26 in Short Blades
    78 | D        | Reached skill level 26 in Long Blades
    78 | D        | Reached skill level 26 in Maces & Flails
    78 | D        | Reached skill level 26 in Polearms
    78 | D        | Reached skill level 26 in Staves
    78 | D        | Reached skill level 23 in Bows
    78 | D        | Reached skill level 26 in Crossbows
    78 | D        | Reached skill level 26 in Throwing
    78 | D        | Reached skill level 26 in Unarmed Combat
    78 | D        | Reached skill level 26 in Spellcasting
    78 | D        | Reached skill level 25 in Conjurations
    78 | D        | Reached skill level 26 in Summonings
    78 | D        | Reached skill level 26 in Necromancy
    78 | D        | Reached skill level 24 in Translocations
    78 | D        | Reached skill level 26 in Fire Magic
    78 | D        | Reached skill level 26 in Ice Magic
    78 | D        | Reached skill level 23 in Air Magic
    78 | D        | Killed a meat beast
    78 | D        | Killed a large bag of meat
    79 | D        | Reached skill level 27 in Short Blades
    79 | D        | Reached skill level 27 in Long Blades
    79 | D        | Reached skill level 27 in Maces & Flails
    79 | D        | Reached skill level 27 in Polearms
    79 | D        | Reached skill level 27 in Staves
    79 | D        | Reached skill level 27 in Bows
    79 | D        | Reached skill level 27 in Crossbows
    79 | D        | Reached skill level 27 in Throwing
    79 | D        | Reached skill level 27 in Unarmed Combat
    79 | D        | Reached skill level 27 in Spellcasting
    79 | D        | Reached skill level 27 in Conjurations
    79 | D        | Reached skill level 27 in Summonings
    79 | D        | Reached skill level 27 in Necromancy
    79 | D        | Reached skill level 27 in Translocations
    79 | D        | Reached skill level 27 in Fire Magic
    79 | D        | Reached skill level 27 in Ice Magic
    79 | D        | Reached skill level 27 in Air Magic
    79 | D        | Killed a destroyer
    79 | D        | Noticed a meat beast
    79 | D        | Noticed a dread
    80 | D        | Killed a large bag of meat
    82 | D        | Killed a tyrant
    82 | D        | Killed a tyrant
    82 | D        | Killed a large bag of meat
    83 | D        | Killed a tyrant
    83 | D        | Killed a large bag of meat
    84 | D        | Killed a meat beast
    84 | D        | Killed a large bag of meat
    84 | D        | Killed a meat beast
    84 | D        | Killed a meat beast
    86 | D        | Noticed a meat beast
    87 | D        | Killed an accursed
    88 | D        | Killed a dread
    90 | D        | Killed a dread
    91 | D        | Noticed a meat beast
    91 | D        | Noticed a destroyer
    92 | D        | Killed a meat beast
    92 | D        | Noticed The Captor
    93 | D        | Noticed an accursed
    95 | D        | Killed a destroyer
    95 | D        | Noticed a destroyer
    97 | D        | Noticed a dread
    98 | D        | Killed a meat beast
   102 | D        | Killed a destroyer
   103 | D        | Noticed a meat beast
   103 | D        | Killed The Captor
   106 | D        | Noticed a large bag of meat
   106 | D        | Noticed a dread
   107 | D        | Noticed a destroyer
   109 | D        | Killed an accursed
   109 | D        | Killed a meat beast
   110 | D        | Killed a dread
   110 | D        | Noticed a large bag of meat
   111 | D        | Killed a destroyer
   112 | D        | Noticed a dread
   116 | D        | Noticed a destroyer
   116 | D        | Killed a large bag of meat
   119 | D        | Noticed a destroyer
   119 | D        | HP: 42/249 [??? (40)]
   122 | D        | Killed a dread
   122 | D        | Killed a large bag of meat
   123 | D        | Noticed a fleshlord
   123 | D        | Noticed a dread
   124 | D        | Killed a dread
   125 | D        | Killed a destroyer
   125 | D        | Noticed a dread
   126 | D        | HP: 43/249 [dread/damnation (25)]
   127 | D        | HP: 13/249 [??? (10)]
   132 | D        | Killed a destroyer
   133 | D        | Killed a dread
   133 | D        | Killed a dread
   133 | D        | Killed a fleshlord
   136 | D        | Noticed a fleshlord
   137 | D        | Noticed a dread
   137 | D        | Noticed a dread
   137 | D        | Noticed a destroyer
   137 | D        | Killed from afar by a scourge

Table legend: (Time is in decaauts)
 A = Elapsed time spent in this place.
 B = Non-inter-level travel time spent in this place.
 C = Inter-level travel time spent in this place.
 D = Time resting spent in this place.
 E = Time spent auto-exploring this place.
 F = Levels seen in this place.
 G = Mean time per level.
                   A        B        C        D        E       F      G
               +--------+--------+--------+--------+--------+-----+--------+
         Total |    111 |    111 |      0 |      0 |      0 |   1 |  111.0 |
       Dungeon |    111 |    111 |      0 |      0 |      0 |   1 |  111.0 |
               +--------+--------+--------+--------+--------+-----+--------+

Top non-repeatable levels by time:
       D: 111 daAuts

Table legend:
 A = Kills in this place as a percentage of kills in entire the game.
 B = Kills by you in this place as a percentage of kills by you in the entire game.
 C = Kills by friends in this place as a percentage of kills by friends in the entire game.
 D = Other kills in this place as a percentage of other kills in the entire game.
 E = Experience gained in this place as a percentage of experience gained in the entire game.
 F = Experience gained in this place divided by the number of levels of this place that you have seen.
                   A       B       C       D       E      F
               +-------+-------+-------+-------+-------+----------------------
         Total | 100.0 | 100.0 | 100.0 |   N/A | 100.0 | 5952537.0
       Dungeon | 100.0 | 100.0 | 100.0 |   N/A | 100.0 | 5952537.0
               +-------+-------+-------+-------+-------+----------------------

Action                   |  1- 3 |  4- 6 |  7- 9 | 10-12 | 13-15 | 16-18 | 19-21 | 22-24 | 25-27 || total
-------------------------+-------+-------+-------+-------+-------+-------+-------+-------+-------++-------
Melee: Executioner's axe |     1 |       |       |     1 |     1 |     5 |     4 |     5 |    72 ||    89
Invok: Greater Servant o |       |       |       |       |       |       |       |       |     2 ||     2
Armor: Scale mail        |       |       |       |       |       |       |       |       |     3 ||     3
Dodge: Dodged            |       |       |       |       |       |       |       |       |     8 ||     8
Block: Kite shield       |       |       |       |       |       |     1 |       |     1 |     5 ||     7

Vanquished Creatures
  A hell knight (D)
  Sigmund (D)
  9 hell beasts (D)
  3 royal mummies (D)
  8 great orbs of eyes (D)
  8 wraiths (D)
  Harold (D)
  10 vampire knights (D)
  42 ogres (D)
  8 two-headed ogres (D)
  3 liches (D)
  3 hydras (D)
  52 orcs (D)
  4 phantoms (D)
  7 skeletal warriors (D)
  3 sea snakes (D)
163 creatures vanquished.

Vanquished Creatures (collateral kills)
  An orc (D)
1 creature vanquished.

Vanquished Creatures (others)
  An ogre (D)
  An orc (D)
2 creatures vanquished.

Grand Total: 166 creatures vanquished You could see a destroyer (wandering), 2 observers, 3 scourges, a fleshlord (wandering), a sculptor of flesh, 2 dreads, 2 wretched souls and 2 bags of meat.

Levels and vault maps discovered:
D:        meatsprint
